AoeStats
← مسلم عثماني أموي

Arena

504586987Analyzed
1v1 RM · 28d ago on Sep 5, 2026· 34m 32s· 2 players
Game mode
Random Map
Map size
Tiny (2 player)
Population
200
Speed
Normal
Resources
Standard
Victory
Conquest
Starting age
Dark Age
Ending age
Imperial Age
RankedLock teamsTeams togetherTeam positionsShared explorationLock speedFull tech treeHidden civsTurbo modeCheats
Victory
Defeat
851
+19
🇺🇸 Slavs · United States
906
-19
مسلم عثماني أموي
12:07 Feudal Age
16:09 Castle Age
20:11 Imperial Age
17:54 Double-Bit Axe
18:40 Padded Archer Armor
20:16 Leather Archer Armor
23:30 Loom
25:13 Wheelbarrow
26:38 Ring Archer Armor
Anton
5:25 Loom
11:45 Feudal Age
13:58 Double-Bit Axe
16:38 Castle Age
14:57 Horse Collar
15:35 Stone Mining
16:26 Gold Mining
17:56 Fletching
18:07 Padded Archer Armor
17:30 Elite Skirmisher
18:24 Bow Saw
19:11 Padded Archer Armor
21:35 Wheelbarrow
24:26 Leather Archer Armor
24:50 Heavy Plow
25:22 Bodkin Arrow
26:53 Hand Cart
26:03 Crossbowman
27:39 Ballistics
27:41 Town Watch
27:56 Murder Holes
29:46 Masonry
30:58 Gold Shaft Mining
Connection lost

Rejoining the realm…

Still unreachable

The connection could not be restored.

Session expired

The server has moved on; the page needs a fresh start.